Map: Blackrock LE

Players

liquidclem (Clem)

  • Race: Terran Terran
  • League: Grandmaster
  • Spawn Location: 1:00

Serral - Winner!

  • Race: Zerg Zerg
  • League: Master
  • Spawn Location: 7:00

Event: HomeStory Cup XXIX

VOD

Have the link to the VOD?

Description

Time

  • Played on: July 5, 2026, 6:49 p.m.
  • Length: 11:54

All games in this series

Show
View Real Time Build Order
Export as new Build Order

liquidclem Terran 

Build Orders: Reaper Expand, Hellion Banshee 

Get SALT Encoding   

  8  0:00  SCV  
  9  0:12  SCV  
  10  0:24  SCV  
  11  0:28  Supply Depot  
  11  0:36  SCV  
  12  0:48  SCV  
  13  0:52  Barracks  
  13  1:00  SCV  
  14  1:04  Refinery  
  14  1:12  SCV  
  15  1:25  SCV  
  16  1:38  Orbital Command  
  16  1:46  Reaper  
  17  2:04  SCV  
  18  2:09  Command Center  
  18  2:16  SCV  
  18  2:20  Marine  
  18  2:22  Supply Depot  
  20  2:29  SCV  
  21  2:36  Factory  
  21  2:41  Barracks Reactor  
  22  2:44  SCV  
  22  2:50  Refinery  
  22  2:56  SCV  
  23  3:08  SCV  
  24  3:20  Orbital Command, SCV  
  24  3:23  Starport  
  25  3:28  Hellion x2  
  25  3:32  SCV  
  30  3:36  Barracks Tech Lab  
  30  3:44  SCV  
  30  3:45  Supply Depot, SCV  
  32  3:51  Hellion  
  32  3:54  Hellion  
  36  3:56  SCV  
  36  3:58  SCV  
  38  4:09  SCV  
  38  4:11  Banshee  
  38  4:14  SCV, Cloaking Field  
  42  4:18  Supply Depot  
  42  4:21  SCV  
  45  4:24  Hellion  
  45  4:26  Hellion  
  45  4:28  SCV  
  45  4:30  Barracks Tech Lab  
  48  4:33  SCV  
  49  4:40  SCV  
  49  4:41  Supply Depot  
  49  4:45  SCV  
  51  4:53  SCV  
  51  4:55  Command Center  
  51  4:58  Banshee  
  55  5:00  SCV  
  55  5:05  SCV  
  57  5:09  Supply Depot, Barracks  
  57  5:14  Barracks  
  57  5:15  SCV  
  57  5:17  Factory Reactor  
  58  5:23  SCV  
  58  5:24  Marine  
  58  5:25  Supply Depot  
  58  5:27  Stimpack  
  60  5:28  SCV  
  60  5:35  SCV  
  62  5:40  Engineering Bay  
  62  5:41  SCV, Engineering Bay  
  63  5:46  Marine  
  63  5:47  SCV  
  65  5:51  Supply Depot  
  65  5:53  SCV  
  65  5:54  Refinery  
  66  5:57  Refinery  
  66  5:59  SCV, Starport Reactor  
  67  6:04  Marine x2  
  67  6:05  SCV  
  67  6:06  Orbital Command  
  67  6:07  Marine x2  
  67  6:09  Marine  
  73  6:11  SCV  
  73  6:15  Siege Tank  
  73  6:17  SCV  
  76  6:22  Marine  
  76  6:23  SCV  
  76  6:25  Marine x2  
  77  6:27  Terran Infantry Armor Level 1, Terran Infantry Weapons Level 1  
  77  6:29  SCV  
  77  6:30  Marine  
  80  6:33  Orbital Command  
  80  6:34  Marine  
  80  6:35  SCV  
  80  6:36  Medivac  
  80  6:39  Medivac  
  86  6:40  Supply Depot  
  86  6:42  Marine  
  86  6:43  SCV, Marine  
  89  6:47  SCV  
  89  6:48  Marine  
  89  6:54  Marine x2  
  92  6:55  SCV, Supply Depot  
  92  6:56  Siege Tank  
  92  7:00  Marine, SCV  
  99  7:03  Marine  
  99  7:04  Supply Depot  
  99  7:06  SCV  
  99  7:07  Combat Shield  
  101  7:11  SCV, Marine  
  101  7:15  Medivac x2  
  105  7:16  SCV  
  105  7:21  Barracks  
  105  7:22  Barracks  
  108  7:23  Marine x2  
  108  7:26  Marine  
  108  7:27  Supply Depot  
  108  7:29  SCV x2  
  113  7:30  SCV  
  113  7:36  Factory  
  114  7:37  Refinery, Marine  
  114  7:41  Marine  
  114  7:43  Siege Tank  
  119  7:44  Supply Depot  
  119  7:48  Marine x2  
  67  7:51  Medivac x2  
  121  7:53  SCV x2  
  121  7:55  Supply Depot  
  121  7:58  Marine  
  125  8:00  Marine  
  125  8:01  Marine  
  118  8:05  SCV  
  118  8:06  Supply Depot  
  118  8:09  Marine x2  
  118  8:11  Barracks Reactor  
  118  8:12  Command Center  
  120  8:16  Marine  
  120  8:18  Supply Depot, Barracks Reactor  
  123  8:20  Factory Reactor  
  123  8:21  Widow Mine  
  123  8:26  Marine  
  123  8:27  Marine  
  122  8:28  SCV  
  122  8:29  Marine x2  
  122  8:33  Medivac x2  
  130  8:34  Supply Depot  
  130  8:37  Marine  
  128  8:41  Armory  
  128  8:44  Marine  
  128  8:46  Barracks  
  128  8:47  Barracks, Widow Mine  
  128  8:48  Marine, Barracks  
  132  8:49  Marine  
  132  8:52  Marine x2  
  135  8:59  Marine  
  135  9:00  Marine x2  
  135  9:01  Widow Mine x2, Marine  
  143  9:03  Marine  
  143  9:06  Marine  
  143  9:07  Marine  
  143  9:09  Widow Mine  
  141  9:10  Marine x2  
  141  9:13  Medivac  
  142  9:17  Marine x3  
  142  9:21  Supply Depot  
  142  9:22  Widow Mine x2  
  142  9:24  SCV  
  150  9:30  Terran Infantry Weapons Level 2, Terran Infantry Armor Level 2, Widow Mine  
  152  9:31  Drilling Claws, SCV  
  152  9:34  Barracks Tech Lab  
  152  9:35  Marine x2  
  155  9:41  Marine x3, Barracks Tech Lab x2  
  155  9:43  Marauder, Marine  
  155  9:44  Widow Mine x2  
  155  9:45  SCV  
  166  9:51  Widow Mine  
  166  9:52  Marine, SCV  
  168  9:53  Marine x2  
  168  9:54  Marine  
  168  9:55  Marauder  
  173  10:02  Marauder x2  
  173  10:04  Marine x2, Marauder  
  173  10:05  Widow Mine  
  183  10:08  Marine, Widow Mine  
  183  10:09  SCV  
  183  10:10  Medivac  
  183  10:11  Marine  
  183  10:12  SCV  
  183  10:14  Marine  
  183  10:16  Marauder  
  183  10:19  Marine x2  
  186  10:22  Marine x2  
  186  10:23  SCV, Marauder x2  
  186  10:25  Widow Mine  
  186  10:26  Marauder  
  194  10:30  Medivac  
  194  10:31  Marine  
  194  10:32  Marine x3  
  194  10:35  SCV  
  183  10:37  Marauder  
  183  10:40  Widow Mine  
  183  10:41  Marine  
  183  10:42  Marine x3  
  171  10:45  Marauder x2  
  171  10:46  SCV  
  171  10:47  Marine  
  171  10:48  SCV, Marine  
  152  10:50  SCV  
  152  10:53  Orbital Command  
  143  10:59  Marauder, Widow Mine  
  137  11:05  Marine, Marauder  
  137  11:06  Marauder  
  137  11:07  Marine  
  137  11:09  Marine  
  137  11:10  Marine  
  135  11:17  SCV  
  131  11:20  Orbital Command, Marauder  
  135  11:25  Widow Mine  
  135  11:27  SCV, Marine  
  135  11:29  SCV  
  135  11:30  Marauder  
  140  11:39  SCV  
Show
View Real Time Build Order
Export as new Build Order

Serral Zerg - Winner!

Build Orders: Hatch First 

Get SALT Encoding   

  8  0:05  Drone  
  9  0:09  Drone  
  10  0:16  Drone  
  11  0:27  Overlord  
  11  0:32  Drone  
  12  0:45  Drone  
  12  0:46  Drone  
  14  0:55  Drone  
  15  1:11  Hatchery  
  14  1:14  Drone  
  14  1:18  Drone  
  16  1:25  Drone  
  17  1:35  Spawning Pool  
  17  1:39  Drone  
  17  1:43  Extractor  
  17  1:44  Drone  
  17  1:55  Drone  
  18  2:05  Drone  
  19  2:14  Overlord  
  19  2:22  Queen x2  
  21  2:25  Zergling x2  
  24  2:34  Zergling x2  
  25  2:41  Drone  
  25  2:42  Drone  
  27  2:47  Drone, Overlord  
  27  2:48  Metabolic Boost  
  28  2:55  Spore Crawler  
  27  3:00  Drone x2  
  27  3:05  Queen  
  32  3:16  Overlord  
  32  3:17  Drone x2  
  35  3:20  Drone  
  35  3:24  Drone  
  35  3:25  Drone  
  37  3:32  Drone x3  
  40  3:40  Overlord  
  40  3:51  Drone x2  
  40  3:53  Queen  
  44  4:01  Zergling x4  
  46  4:03  Hatchery  
  46  4:06  Drone x2  
  46  4:08  Zergling x2  
  48  4:10  Drone x2  
  48  4:15  Drone x2  
  52  4:18  Queen  
  54  4:24  Overlord  
  54  4:26  Drone  
  55  4:33  Overlord  
  55  4:34  Zergling x2, Extractor  
  55  4:35  Lair  
  55  4:36  Drone  
  56  4:41  Overlord  
  56  4:45  Drone x2  
  58  4:46  Drone  
  59  4:53  Zergling x2  
  59  4:54  Queen  
  59  4:58  Zergling x2  
  63  5:03  Drone x2  
  63  5:06  Evolution Chamber x2  
  63  5:10  Drone x3  
  63  5:13  Spore Crawler  
  65  5:15  Spore Crawler x2  
  65  5:16  Zergling x2, Drone  
  65  5:19  Drone  
  66  5:24  Drone  
  66  5:27  Drone x4  
  71  5:32  Overseer  
  71  5:36  Drone x5  
  71  5:40  Zerg Ground Armor Level 1  
  75  5:44  Overlord, Drone  
  75  5:48  Drone x2  
  77  5:52  Drone  
  77  5:53  Baneling Nest, Extractor  
  76  5:59  Overlord  
  76  6:00  Drone x2  
  77  6:04  Queen  
  77  6:05  Drone x2  
  77  6:07  Overlord  
  77  6:09  Zerg Melee Weapons Level 1  
  77  6:11  Drone  
  82  6:13  Drone x2  
  82  6:14  Drone  
  83  6:21  Zergling x4  
  83  6:25  Drone x2  
  86  6:26  Hatchery  
  86  6:28  Drone x3  
  88  6:33  Overlord  
  88  6:34  Drone x3  
  88  6:38  Centrifugal Hooks  
  91  6:40  Extractor  
  91  6:41  Extractor  
  91  6:42  Drone x4  
  91  6:45  Overlord  
  92  6:48  Drone x3  
  92  6:52  Drone  
  92  6:53  Drone  
  95  7:01  Infestation Pit, Drone  
  94  7:02  Drone  
  94  7:05  Hatchery  
  94  7:06  Drone x2  
  97  7:09  Zergling x6  
  97  7:14  Zergling x8  
  104  7:21  Overlord  
  103  7:23  Zergling x6  
  103  7:26  Zergling x4  
  103  7:28  Zergling x2  
  109  7:31  Hatchery  
  109  7:33  Baneling x5  
  109  7:35  Zergling x4  
  110  7:37  Zerg Ground Armor Level 2  
  110  7:39  Queen  
  110  7:40  Zergling x6  
  110  7:42  Zergling x4  
  117  7:49  Hive  
  116  7:52  Zergling x14  
  118  7:58  Zergling x8  
  118  8:03  Zergling x2  
  118  8:05  Baneling x4  
  121  8:07  Spore Crawler  
  121  8:11  Baneling  
  121  8:12  Overlord, Infestor  
  120  8:13  Infestor, Zergling x6  
  120  8:14  Zergling x6, Zerg Melee Weapons Level 2  
  130  8:20  Overlord, Drone  
  130  8:26  Drone x6  
  136  8:29  Zergling x4  
  136  8:31  Queen  
  140  8:35  Pneumatized Carapace, Overlord x2  
  140  8:39  Drone  
  140  8:40  Drone x3, Extractor  
  144  8:41  Zergling x8  
  144  8:43  Drone  
  144  8:45  Zergling x6  
  151  8:52  Baneling x5  
  151  8:59  Zergling x22  
  151  9:02  Zergling x8  
  166  9:06  Zergling x10  
  166  9:08  Zergling x8  
  166  9:09  Zergling x2  
  168  9:13  Zergling x6  
  171  9:20  Adrenal Glands  
  171  9:21  Ultralisk Cavern  
  170  9:26  Baneling x2  
  170  9:27  Zergling x12  
  170  9:29  Overlord x2  
  170  9:30  Overlord  
  176  9:32  Overlord, Overseer  
  176  9:33  Overseer  
  176  9:34  Burrow  
  175  9:48  Drone x4  
  175  9:49  Drone x5  
  182  9:53  Spire, Baneling x12  
  182  9:55  Hatchery  
  182  9:59  Zergling x20  
  190  10:02  Drone  
  185  10:17  Chitinous Plating, Drone x2, Spore Crawler  
  180  10:21  Zergling x2  
  180  10:22  Zergling x22  
  180  10:25  Hatchery  
  187  10:37  Ultralisk x2, Zergling x10  
  192  10:48  Ultralisk, Zergling x2  
  192  10:49  Zergling x24  
  198  10:54  Zergling x10  
  189  11:03  Ultralisk, Zergling x10  
  190  11:15  Zergling x18  
  190  11:16  Overseer  
  193  11:19  Extractor  
  193  11:22  Drone  
  193  11:23  Drone x2  
  194  11:27  Zergling x12  
  199  11:37  Overseer  
  198  11:49  Hatchery  
Tags
 
Add a new tag
Caveats
  • Supply blocks, unpowered buildings, or Contaminate may cause inaccurate times.
  • Supply counts are checked every 10 seconds.